 Dungeon Crawl Stone Soup version 0.20-a0-927-g1ae2c61 (webtiles) character file.

63 CalmDownMonkey the Chopper (level 4, -6/40 HPs)
             Began as a Hill Orc Abyssal Knight on Mar 29, 2017.
             Was a Believer of Lugonu.
             Killed from afar by Terence (7 damage)
             ... with a wand of flame (?/48)
             ... on level 2 of the Dungeon.
             The game lasted 00:07:21 (1903 turns).

CalmDownMonkey the Chopper (HOAK)                   Turns: 1903, Time: 00:07:22

Health: -6/40      AC:  3    Str: 14    XL:     4   Next: 9%
Magic:  6/6        EV: 11    Int: 12    God:    Lugonu [**....]
Gold:   125        SH:  0    Dex: 11    Spells: 3/3 levels left

rFire    . . .     SeeInvis .   a - +1 hand axe
rCold    . . .     Gourm    .   (no shield)
rNeg     . . .     Faith    .   b - +0 leather armour
rPois    .         Spirit   .   (no helmet)
rElec    .         Reflect  .   (no cloak)
rCorr    .         Harm     .   (no gloves)
MR       .....                  (no boots)
Stlth    +.........             (no amulet)
Regen    0.2/turn               (no ring)
MPRegen  0.1/turn               (no ring)

@: no status effects
A: no striking features
a: Depart the Abyss, Bend Space, Renounce Religion


You were on level 2 of the Dungeon.
You worshipped Lugonu.
Lugonu was pleased with you.
You were not hungry.

You visited 1 branch of the dungeon, and saw 2 of its levels.
You visited the Abyss 1 time.

You collected 125 gold pieces.

Inventory:

Hand Weapons
 a - a +1 hand axe (weapon)
Missiles
 e - 4 javelins (quivered)
 j - 98 stones
 n - 19 arrows
 q - 7 poisoned needles
Armour
 b - a +0 leather armour (worn)
 m - a +0 cloak
Scrolls
 d - a scroll of remove curse
 g - 2 scrolls of blinking
Potions
 h - a potion of agility {unknown}
 k - a potion of flight {unknown}
 o - a potion of mutation {unknown}
 p - a potion of brilliance {unknown}
 r - a potion of curing
Comestibles
 c - 10 chunks of flesh
 f - 2 meat rations
 i - 2 fruits
 l - a bread ration


   Skills:
 - Level 3.7 Fighting
 + Level 5.0 Axes
 - Level 2.2 Armour
 - Level 1.1 Dodging
 - Level 2.7 Invocations


You had 3 spell levels left.
You didn't know any spells.

Dungeon Overview and Level Annotations

Branches:
Dungeon (2/15)

Altars:
Gozag

Annotations:
D:2 Terence


Message History

Terence drinks a potion.
Terence is healed!
You closely miss Terence.
Terence is moderately wounded.
Terence closely misses you.
You hit Terence.
Terence is moderately wounded.
Terence barely misses you.
You hit Terence.
Terence is heavily wounded.
You barely miss Terence.
Terence is heavily wounded.
Terence hits you with a flail.
* * * LOW HITPOINT WARNING * * *
You hit Terence but do no damage.
Terence is heavily wounded.
Terence closely misses you.
You hit Terence.
Terence is severely wounded.
Terence zaps a wand.
The puff of flame hits you!
You die...

· ▒··▒▒▒
▒·▒▒▒▒·<·▒·▒
▒·▒▒··▒▒▒▒▒▒·▒
▒▒%▒▒·▒
▒············▒
▒·▒▒·▒
▒·▒▒··▒▒▒▒▒▒▒▒
▒····▒
··········▒
▒▒▒··▒
······▒▒▒·▒
▒··▒ ▒▒▒▒▒▒▒
▒▒▒▒▒··▒▒▒▒
▒·········▒
▒@@·······▒
▒π·$·$·$·$·$··▒
▒8$·▒········▒▒
▒▒▒ ▒·▒▒▒<▒·▒▒
▒▒ ▒·$·▒ ··▒▒▒
▒▒


You could see Terence.

Vanquished Creatures
  2 oozes
  2 dart slugs (D:1)
  A leopard gecko (D:2)
  3 bats (D:1)
  2 giant cockroaches
  5 goblins
  8 hobgoblins
  11 kobolds
  A quokka (D:2)
  4 frilled lizards
  8 rats
47 creatures vanquished.

Notes
Turn   | Place    | Note
-------+----------+-------------------------------------------
     0 | Abyss:1  | CalmDownMonkey the Hill Orc Abyssal Knight began the quest for the Orb.
     0 | Abyss:1  | Reached XP level 1. HP: 19/19 MP: 2/2
    20 | Abyss:1  | Found a corrupted altar of Lugonu.
    41 | D:1      | Escaped the Abyss
    49 | D:1      | Reached skill level 1 in Dodging
    51 | D:1      | Reached XP level 2. HP: 14/27 MP: 4/4
   386 | D:1      | Reached skill level 3 in Axes
   627 | D:1      | Reached XP level 3. HP: 24/33 MP: 5/5
   688 | D:1      | Reached skill level 4 in Axes
  1056 | D:1      | Reached ** piety under Lugonu
  1736 | D:2      | Reached XP level 4. HP: 39/40 MP: 6/6
  1836 | D:2      | Reached skill level 5 in Axes
  1878 | D:2      | Noticed Terence
  1879 | D:2      | Found an opulent altar of Gozag.
  1893 | D:2      | HP: 1/40 [Terence/flail (5)]
  1901 | D:2      | HP: 1/40 [Terence/flail (2)]
  1903 | D:2      | Killed from afar by Terence

Vault maps used:
D:1:      co_arrival_square_in_a_square_in_a_square, serial_bayou_pond_b
D:2:      chequers_temple_overflow_minitemple, first_bread,
          roderic_serpentine_path, grunt_gozag_breadcrumbs, uniq_terence
Abyss:1:  minivault_25_ag

Skill      XL: |  1  2  3  4 |
---------------+-------------+-----
Dodging        | 1 |  1.1
Axes           | 3 4 5 |  5.0
Fighting       | |  3.7
Armour         | |  2.2
Invocations    | |  2.7

Action                   |  1- 3 |  4- 6 || total
-------------------------+-------+-------++-------
Melee: Hand axe          |   114 |    30 ||   144
 Fire: Hunting sling     |    11 |       ||    11
Throw: Javelin           |     5 |       ||     5
  Use: Scroll            |     4 |       ||     4
 Stab: Sleeping          |     1 |       ||     1
  Eat: Bread ration      |     1 |       ||     1
       Chunk             |     1 |       ||     1
Armor: Leather armour    |    27 |     3 ||    30
Dodge: Dodged            |    70 |    15 ||    85
